Description

Stalker / Colossus build designed to get you to 200 before the 10:00 mark.

Build Order

Get SALT Encoding   

  13  0:00  Probe  
  14  0:13  Probe  
  14  0:25  Probe (Chrono Boost)  
  16  0:39  Gateway, Probe  
  16  0:46  Assimilator  
  16  0:48  Probe  
  17  1:03  Probe  
  20  1:23  Ancient Nexus  
  20  1:35  Cybernetics Core  Move Probes to empty Assimilator
  20  1:40  Probe  
  21  1:41  Pylon  
  22  1:53  Gateway  
  23  2:04  Assimilator  
  25  2:22  Stalker  Move Probes to Empty Assimilator
  28  2:37  Warp Gate  Move all Remaining probes to new Nexus
  30  2:57  Robotics Facility  
  37  3:15  Stalker x2  
  37  3:18  Gateway x2  
  39  3:28  Pylon x2  
  45  3:47  Stalker x2  
  48  3:51  Assimilator x2  
  50  4:02  Pylon x2  
  51  4:12  Immortal  Morph Warp Gates and Transfer Probes
  59  4:36  Pylon  
  59  4:50  Nexus  
  59  5:01  Stalker x4  
  69  5:13  Immortal, Robotics Bay  
  76  5:23  Pylon x3  
  78  5:46  Stalker x4  
  88  6:01  Colossus, Pylon x3  Transfer Probes to Assimilators
  100  6:30  Dark Pylon x3  
  100  6:15  Extended Thermal Lance  
  102  6:39  Stalker x4  
  114  6:59  Assimilator x2  
  114  7:01  Colossus  
  114  7:05  Forge x2  
  130  7:27  Stalker x4  
  130  7:30  Robotics Facility  
  130  7:34  Gateway x2  
  135  7:52  Stalker x4  
  143  7:58  Protoss Ground Weapons Level 1, Protoss Ground Armor Level 1  
  143  8:00  Colossus  
  151  8:01  Pylon x3  Transfer Probes to Assimilators
  151  8:16  Nexus  
  165  8:37  Colossus, Immortal  Morph gates to warp gates
  168  8:43  Twilight Council  
  172  8:55  Immortal  
  172  9:04  Stalker x6  
  184  9:09  Pylon x3  Transfer extra probes to nexus
  184  9:36  Templar Archives, Pylon x3, Assimilator x2  
  184  9:50  Protoss Ground Armor Level 2, Stalker x6  
  196  9:56  Blink, Protoss Ground Weapons Level 2  
Spawning Tool Build Advisor. Get it on Overwolf

Analysis

Goal is to get you to 200 supply before the 10:00 mark.

Go to:

Details

  • Created by: jcorona1
  • Published on: Nov 21, 2018
  • Modified on: Nov 22, 2018
  • Patch: 4.0.0
Show
View Real Time Build Order
Export as new Build Order

Comments (2)

On July 19, 2022, 1:44 a.m., Poxies  said:

Add first pylon please.

On Dec. 8, 2018, 2:34 p.m., ayosten  said:

with this build, how to react against cannon rush ?

Create an account to comment!